AoeStats
← The best osu on airplane

MegaRandom

509386599Analyzed
2v2 RM · 7d ago on Sep 26, 2026· 49m 34s· 4 players
Game mode
Random Map
Map size
Medium (4 player)
Population
200
Speed
Normal
Resources
Standard
Victory
Conquest
Starting age
Dark Age
Ending age
Imperial Age
RankedLock teamsTeams togetherTeam positionsShared explorationLock speedFull tech treeHidden civsTurbo modeCheats
Victory
Defeat
🇪🇸 Teutons · Spain
664
+10
🇪🇸 Britons · Spain
642
+11
🇻🇳 Poles · Vietnam
563
-11
🇹🇼 Danes · Taiwan
507
-10
The best osu on airplane
2:19 Loom
11:20 Feudal Age
12:00 Double-Bit Axe
19:59 Castle Age
19:23 Forging
19:20 Scale Barding Armor
21:23 Bloodlines
21:14 Husbandry
22:00 Bow Saw
21:32 Horse Collar
21:25 Light Cavalry
23:05 Iron Casting
23:28 Squires
25:15 Wheelbarrow
30:59 Hand Cart
33:56 Thumb Ring
47:25 Chain Barding Armor
jueyuanti2026
0:39 Loom
11:07 Feudal Age
11:44 Town Watch
12:56 Wheelbarrow
15:52 Horse Collar
17:17 Stone Mining
19:43 Castle Age
18:31 Fishing Lines
19:06 Double-Bit Axe
19:17 Gold Mining
20:29 Caravan
20:47 Arson
25:42 Light Cavalry
26:42 Gillnets
27:39 Bow Saw
27:45 Squires
27:32 Gambesons
28:01 Husbandry
28:59 Town Patrol
30:12 Hand Cart
30:38 Ballistics
31:14 Murder Holes
32:15 Stone Shaft Mining
31:33 Hamask
34:29 Thumb Ring
34:38 Bloodlines
33:51 Pikeman
35:09 Fervor
43:46 Heavy Plow
50:22 Imperial Age
ElVilKelowna
5:42 Loom
14:27 Feudal Age
14:50 Fishing Lines
15:21 Horse Collar
16:26 Wheelbarrow
15:43 Double-Bit Axe
16:48 Gold Mining
21:57 Castle Age
21:52 Stone Mining
23:20 Heavy Plow
23:35 Bow Saw
23:36 Scale Barding Armor
23:55 Pikeman
24:38 Squires
26:41 Stone Shaft Mining
27:52 Arson
34:06 Imperial Age
32:13 Hand Cart
34:26 Masonry
35:16 Halberdier
36:43 Ballistics
36:54 Elite Skirmisher
38:31 Conscription
40:35 Crop Rotation
42:54 Cavalier
44:59 Gillnets
45:54 Chain Barding Armor
47:54 Hoardings
Alquimista_Latino
6:20 Loom
13:17 Feudal Age
16:36 Wheelbarrow
18:53 Castle Age
17:41 Stone Mining
20:27 Double-Bit Axe
23:26 Pikeman
24:07 Squires
23:55 Arson
31:55 Ballistics
31:46 Masonry
31:39 Fletching
32:05 Gold Mining
32:02 Horse Collar
33:27 Hand Cart
36:25 Imperial Age
35:13 Murder Holes
35:56 Elite Skirmisher
38:14 Conscription
42:33 Bodkin Arrow
42:39 Padded Archer Armor
42:50 Forging
42:41 Scale Mail Armor
44:14 Chemistry
43:45 Architecture
43:21 Siege Engineers
44:32 Hoardings
46:07 Halberdier
46:34 Treadmill Crane
49:04 Bracer
49:20 Leather Archer Armor
49:40 Iron Casting
Connection lost

Rejoining the realm…

Still unreachable

The connection could not be restored.

Session expired

The server has moved on; the page needs a fresh start.